[ AOE2 MATCH · #478353798 ]
UnrankedEthiopians vs Tatars
[ REPLAY ANALYSIS · EXTRACTED FROM THE RECORDED GAME ]
Feudal
9:16
Castle
19:35
Imperial
39:10
| APM avg | 61.4 |
| APM peak | 110 |
| eAPM avg | 35.9 |
| Villagers / military | 141 / 369 |
Focus
⚔️ 53.2% · 🌾 46.8%
Spearman ×159 · Shotel Warrior ×140 · Scout Cavalry ×51 · Camel Scout ×14 · Knight ×4 · Monk ×1
Feudal
9:19
Castle
22:32
Imperial
43:42
| APM avg | 45.6 |
| APM peak | 82 |
| eAPM avg | 20.0 |
| Villagers / military | 151 / 240 |
Focus
⚔️ 31.7% · 🌾 68.3%
Scout Cavalry ×110 · Skirmisher ×55 · Knight ×49 · Camel Scout ×10 · Cavalry Archer ×10 · Trebuchet (Packed) ×4
Feudal
9:35
Castle
23:01
Imperial
43:15
| APM avg | 35.1 |
| APM peak | 73 |
| eAPM avg | 20.7 |
| Villagers / military | 80 / 112 |
Focus
⚔️ 31.8% · 🌾 68.2%
Serjeant ×45 · Spearman ×42 · Skirmisher ×16 · Archer ×6 · Trebuchet (Packed) ×3
Feudal
9:42
Castle
22:57
Imperial
39:42
| APM avg | 49.2 |
| APM peak | 111 |
| eAPM avg | 21.4 |
| Villagers / military | 195 / 148 |
Focus
⚔️ 35.6% · 🌾 64.4%
Knight ×65 · Scout Cavalry ×41 · Scorpion ×30 · Trebuchet (Packed) ×6 · Centurion ×5 · Spearman ×1
Feudal
9:52
Castle
29:17
Imperial
—
| APM avg | 40.4 |
| APM peak | 91 |
| eAPM avg | 16.0 |
| Villagers / military | 145 / 110 |
Focus
⚔️ 27.3% · 🌾 72.7%
Knight ×80 · Scout Cavalry ×23 · Spearman ×5 · Mangonel ×2
Feudal
9:17
Castle
28:57
Imperial
44:48
| APM avg | 63.8 |
| APM peak | 110 |
| eAPM avg | 26.6 |
| Villagers / military | 142 / 113 |
Focus
⚔️ 25.8% · 🌾 74.2%
Archer ×56 · Skirmisher ×30 · Elephant Archer ×19 · Spearman ×8
Feudal
9:40
Castle
26:36
Imperial
45:41
| APM avg | 62.0 |
| APM peak | 87 |
| eAPM avg | 23.2 |
| Villagers / military | 133 / 131 |
Focus
⚔️ 31.2% · 🌾 68.8%
Archer ×120 · Mangonel ×11
Feudal
9:05
Castle
25:23
Imperial
—
| APM avg | 61.0 |
| APM peak | 103 |
| eAPM avg | 25.7 |
| Villagers / military | 124 / 157 |
Focus
⚔️ 47.4% · 🌾 52.6%
Archer ×80 · Skirmisher ×60 · Knight ×8 · Spearman ×4 · Militia ×3 · Battering Ram ×2
Match map
Initial resources + every placement click. Lines = walls · curves = elevation contours. ◆ gold · ⬟ stone · ● berries · ✦ relic · ◌ wall gap
Your base· ✓ Closed at 19:35 · 42t walls · 1 gate(s)
Pollericci Jr.'s base· ✓ Closed at 22:32 · 52t walls · 2 gate(s)
Shushupe.........xD's base· ✓ Closed at 23:01 · 38t walls · 2 gate(s)
FullMagic's base· Open — unwalled flank
Plinio's base· Open — 5t gap
Borracho11.PE's base· Open — 9t gap
Thadeus's base· ✓ Closed at 26:36 · 38t walls · 3 gate(s)
ShevY; el Zanquilargo's base· Open — unwalled flank
Smoothed initial terrain · ◌ = detected wall gap · hover for details
Inputs per minute
— LE | Dabighead - - Pollericci Jr.
Build order — LE | Dabighead
First 150 of 750 actions detected
| 0:01 | Create | Villager (Male) |
| 0:02 | Create | Villager (Male) |
| 0:03 | Build | House |
| 0:04 | Build | House |
| 0:08 | Create | Villager (Male) |
| 0:08 | Create | Villager (Male) |
| 1:24 | Create | Villager (Male) |
| 1:51 | Build | Lumber Camp |
| 2:02 | Create | Villager (Male) |
| 2:15 | Create | Villager (Male) |
| 2:45 | Create | Villager (Male) |
| 3:01 | Create | Villager (Male) |
| 3:46 | Create | Villager (Male) |
| 3:46 | Create | Villager (Male) |
| 3:58 | Build | House |
| 4:02 | Create | Villager (Male) |
| 4:03 | Create | Villager (Male) |
| 4:03 | Create | Villager (Male) |
| 4:32 | Create | Villager (Male) |
| 4:39 | Create | Villager (Male) |
| 4:54 | Create | Villager (Male) |
| 5:11 | Build | Mill |
| 5:17 | Create | Villager (Male) |
| 5:22 | Create | Villager (Male) |
| 5:48 | Create | Villager (Male) |
| 5:56 | Create | Villager (Male) |
| 6:24 | Research | Loom |
| 6:52 | Research | Feudal Age |
| 7:11 | Build | Lumber Camp |
| 7:22 | Build | House |
| 8:01 | Build | Barracks |
| 8:35 | Build | House |
| 9:01 | Create | Villager (Male) |
| 9:16 | Age | Feudal Age |
| 9:21 | Build | Stable |
| 9:23 | Research | Double-Bit Axe |
| 9:23 | Research | Double-Bit Axe |
| 9:25 | Research | Horse Collar |
| 9:25 | Research | Horse Collar |
| 9:39 | Create | Villager (Male) |
| 9:40 | Create | Villager (Male) |
| 9:42 | Build | House |
| 10:00 | Create | Villager (Male) |
| 10:00 | Create | Villager (Male) |
| 10:01 | Create | Villager (Male) |
| 10:01 | Create | Villager (Male) |
| 10:07 | Create | Scout Cavalry |
| 10:07 | Create | Scout Cavalry |
| 10:13 | Create | Villager (Male) |
| 10:20 | Build | House |
| 10:28 | Create | Villager (Male) |
| 10:32 | Build | Blacksmith |
| 10:36 | Create | Scout Cavalry |
| 10:50 | Build | House |
| 11:07 | Create | Villager (Male) |
| 11:16 | Create | Scout Cavalry |
| 11:20 | Build | Farm |
| 11:20 | Build | Farm |
| 11:23 | Build | Farm |
| 11:25 | Build | Farm |
| 11:31 | Build | House |
| 11:35 | Create | Villager (Male) |
| 11:41 | Build | Farm |
| 11:52 | Build | Farm |
| 12:00 | Create | Villager (Male) |
| 12:06 | Build | Palisade Wall |
| 12:15 | Build | Palisade Wall |
| 12:21 | Create | Villager (Male) |
| 12:22 | Build | Farm |
| 12:24 | Build | Farm |
| 12:42 | Create | Villager (Male) |
| 12:44 | Build | Farm |
| 12:46 | Build | Farm |
| 13:01 | Create | Villager (Male) |
| 13:05 | Build | Palisade Wall |
| 13:09 | Build | Palisade Wall |
| 13:21 | Build | Farm |
| 13:39 | Create | Villager (Male) |
| 13:50 | Build | Mining Camp |
| 13:52 | Create | Villager (Male) |
| 13:58 | Build | Palisade Wall |
| 13:59 | Build | Palisade Wall |
| 14:19 | Create | Villager (Male) |
| 14:29 | Research | Wheelbarrow |
| 14:29 | Research | Wheelbarrow |
| 14:39 | Build | Market |
| 14:48 | Build | Farm |
| 15:10 | Build | Palisade Gate |
| 15:49 | Build | Stable |
| 15:59 | Create | Villager (Male) |
| 16:13 | Create | Villager (Male) |
| 16:31 | Build | Farm |
| 16:46 | Build | House |
| 16:55 | Research | Castle Age |
| 16:55 | Research | Castle Age |
| 16:57 | Create | Scout Cavalry |
| 17:02 | Build | House |
| 17:20 | Create | Scout Cavalry |
| 17:31 | Create | Scout Cavalry |
| 17:40 | Create | Scout Cavalry |
| 17:46 | Build | House |
| 17:51 | Build | House |
| 17:54 | Build | House |
| 17:59 | Create | Scout Cavalry |
| 18:21 | Research | Scale Barding Armor |
| 18:27 | Build | Farm |
| 18:28 | Build | Farm |
| 18:37 | Build | House |
| 18:39 | Build | House |
| 18:44 | Create | Scout Cavalry |
| 18:50 | Build | House |
| 19:04 | Create | Scout Cavalry |
| 19:07 | Build | Farm |
| 19:09 | Build | Farm |
| 19:11 | Build | Farm |
| 19:16 | Create | Scout Cavalry |
| 19:23 | Build | House |
| 19:26 | Build | House |
| 19:35 | Age | Castle Age |
| 19:38 | Research | Light Cavalry (upgrade) |
| 19:47 | Create | Scout Cavalry |
| 19:51 | Build | House |
| 19:57 | Create | Scout Cavalry |
| 20:11 | Create | Scout Cavalry |
| 20:17 | Build | House |
| 20:18 | Build | House |
| 20:25 | Create | Scout Cavalry |
| 20:26 | Create | Villager (Male) |
| 20:29 | Create | Knight |
| 20:40 | Build | Palisade Wall |
| 20:40 | Build | Palisade Wall |
| 20:45 | Create | Scout Cavalry |
| 21:00 | Create | Villager (Male) |
| 21:03 | Research | Bow Saw |
| 21:03 | Research | Bow Saw |
| 21:04 | Research | Heavy Plow |
| 21:22 | Create | Villager (Male) |
| 21:41 | Research | Husbandry |
| 21:41 | Research | Husbandry |
| 21:43 | Create | Villager (Male) |
| 21:50 | Build | Town Center |
| 21:57 | Build | Lumber Camp |
| 22:08 | Create | Villager (Male) |
| 22:16 | Research | Gold Mining |
| 22:17 | Research | Gold Mining |
| 22:19 | Create | Villager (Male) |
| 22:40 | Create | Villager (Male) |
| 22:49 | Build | Town Center |
| 22:57 | Create | Villager (Male) |
| 23:14 | Create | Knight |
Build order — Pollericci Jr.
First 150 of 509 actions detected
| 0:01 | Create | Villager (Male) ×4 |
| 0:01 | Create | Villager (Male) ×4 |
| 0:05 | Build | House |
| 0:07 | Build | House |
| 1:27 | Create | Villager (Male) |
| 1:27 | Create | Villager (Male) |
| 1:51 | Build | Lumber Camp |
| 1:52 | Create | Villager (Male) |
| 2:24 | Create | Villager (Male) |
| 2:58 | Create | Villager (Male) |
| 3:10 | Create | Villager (Male) |
| 3:26 | Build | House |
| 3:28 | Build | House |
| 3:46 | Create | Villager (Male) |
| 4:13 | Create | Villager (Male) |
| 4:43 | Create | Villager (Male) |
| 4:51 | Create | Villager (Male) |
| 4:51 | Create | Villager (Male) |
| 5:06 | Create | Villager (Male) |
| 5:06 | Create | Villager (Male) |
| 5:37 | Build | Mill |
| 6:00 | Research | Loom |
| 7:10 | Research | Feudal Age |
| 7:43 | Build | Barracks |
| 8:47 | Build | House |
| 9:01 | Create | Villager (Male) |
| 9:01 | Create | Villager (Male) |
| 9:19 | Age | Feudal Age |
| 9:36 | Build | Stable |
| 9:41 | Create | Spearman |
| 9:41 | Create | Spearman |
| 9:45 | Create | Villager (Male) |
| 9:59 | Research | Double-Bit Axe |
| 10:07 | Build | House |
| 10:08 | Build | House |
| 10:12 | Create | Villager (Male) |
| 10:26 | Build | House |
| 10:28 | Create | Scout Cavalry |
| 10:28 | Create | Scout Cavalry |
| 10:28 | Create | Scout Cavalry |
| 10:54 | Create | Scout Cavalry |
| 11:00 | Build | Palisade Wall |
| 11:17 | Create | Villager (Male) |
| 11:18 | Create | Villager (Male) |
| 11:29 | Build | House |
| 11:33 | Build | Palisade Wall |
| 11:38 | Build | Palisade Wall |
| 11:45 | Build | House |
| 11:50 | Build | Palisade Wall |
| 11:52 | Build | Palisade Wall |
| 11:53 | Build | Palisade Wall |
| 12:03 | Build | Palisade Wall |
| 12:10 | Create | Scout Cavalry |
| 12:26 | Create | Villager (Male) |
| 12:28 | Create | Scout Cavalry |
| 12:36 | Build | Palisade Gate |
| 12:55 | Create | Scout Cavalry |
| 13:06 | Build | Farm |
| 13:08 | Build | Farm |
| 13:11 | Build | Farm |
| 13:12 | Build | Farm |
| 13:13 | Build | Farm |
| 13:22 | Create | Scout Cavalry |
| 13:28 | Build | Farm |
| 13:29 | Build | Farm |
| 13:49 | Create | Villager (Male) |
| 14:00 | Build | Farm |
| 14:02 | Create | Villager (Male) |
| 14:07 | Build | Farm |
| 14:07 | Build | Farm |
| 14:15 | Create | Villager (Male) |
| 14:32 | Build | Palisade Gate |
| 14:48 | Build | Blacksmith |
| 15:05 | Create | Villager (Male) |
| 15:06 | Create | Villager (Male) |
| 15:10 | Build | Farm |
| 15:11 | Create | Villager (Male) |
| 15:30 | Create | Villager (Male) |
| 15:35 | Build | Farm |
| 15:36 | Build | Farm |
| 15:46 | Create | Villager (Male) |
| 15:49 | Build | Lumber Camp |
| 16:05 | Research | Scale Barding Armor |
| 16:12 | Create | Villager (Male) |
| 16:16 | Build | Farm |
| 16:20 | Build | Farm |
| 16:48 | Build | Farm |
| 16:54 | Build | Mining Camp |
| 17:17 | Create | Villager (Male) |
| 17:22 | Research | Horse Collar |
| 17:41 | Create | Villager (Male) |
| 17:52 | Research | Forging |
| 17:54 | Create | Villager (Male) |
| 18:00 | Build | Farm |
| 18:33 | Create | Villager (Male) |
| 18:55 | Build | Farm |
| 18:57 | Create | Villager (Male) |
| 19:49 | Build | Farm |
| 19:50 | Build | Farm |
| 19:52 | Research | Castle Age |
| 20:26 | Build | Stable |
| 20:27 | Build | Stable |
| 20:41 | Build | Lumber Camp |
| 21:00 | Research | Bloodlines |
| 21:00 | Research | Bloodlines |
| 21:46 | Build | House |
| 21:47 | Build | House |
| 21:53 | Build | Palisade Wall |
| 22:20 | Build | House |
| 22:20 | Build | House |
| 22:32 | Age | Castle Age |
| 22:34 | Create | Knight |
| 22:35 | Create | Knight |
| 22:35 | Create | Knight |
| 22:37 | Create | Camel Scout |
| 22:37 | Create | Camel Scout |
| 22:39 | Create | Villager (Male) |
| 22:39 | Create | Villager (Male) |
| 22:41 | Create | Villager (Male) |
| 22:47 | Create | Camel Scout |
| 22:50 | Create | Villager (Male) |
| 22:55 | Build | Town Center |
| 23:00 | Create | Villager (Male) |
| 23:10 | Research | Bow Saw |
| 23:14 | Research | Husbandry |
| 23:17 | Create | Camel Scout |
| 23:24 | Create | Camel Scout |
| 23:50 | Create | Villager (Male) |
| 23:52 | Build | Farm |
| 23:54 | Create | Villager (Male) |
| 24:01 | Research | Chain Barding Armor |
| 24:01 | Research | Chain Barding Armor |
| 24:15 | Create | Scout Cavalry |
| 24:22 | Build | House |
| 24:22 | Build | House |
| 24:43 | Create | Villager (Male) |
| 24:44 | Create | Villager (Male) |
| 24:45 | Create | Villager (Male) |
| 25:01 | Create | Villager (Male) |
| 25:06 | Research | Gold Mining |
| 25:11 | Create | Villager (Male) |
| 25:56 | Create | Villager (Male) |
| 26:01 | Build | House |
| 26:01 | Build | House |
| 26:03 | Create | Knight |
| 26:04 | Create | Knight |
| 26:04 | Create | Knight |
| 26:08 | Create | Camel Scout |
| 26:15 | Create | Villager (Male) |
| 26:16 | Create | Villager (Male) |
Build order — Shushupe.........xD
First 150 of 347 actions detected
| 0:01 | Create | Villager (Male) |
| 0:02 | Create | Villager (Male) |
| 0:02 | Create | Villager (Male) |
| 0:02 | Create | Villager (Male) |
| 0:03 | Build | House |
| 0:06 | Build | House |
| 1:27 | Create | Villager (Male) |
| 1:59 | Create | Villager (Male) |
| 1:59 | Create | Villager (Male) |
| 2:00 | Create | Villager (Male) |
| 2:16 | Create | Villager (Male) |
| 2:22 | Build | Lumber Camp |
| 2:54 | Create | Villager (Male) |
| 3:14 | Create | Villager (Male) |
| 3:18 | Build | House |
| 3:44 | Create | Villager (Male) |
| 4:10 | Create | Villager (Male) |
| 4:43 | Create | Villager (Male) |
| 4:43 | Create | Villager (Male) |
| 5:01 | Create | Villager (Male) |
| 5:09 | Create | Villager (Male) |
| 5:10 | Create | Villager (Male) |
| 6:00 | Research | Loom |
| 6:45 | Create | Villager (Male) |
| 6:50 | Build | Mill |
| 7:25 | Research | Feudal Age |
| 7:47 | Build | Mining Camp |
| 8:04 | Build | Palisade Wall |
| 8:32 | Build | House |
| 8:35 | Build | Palisade Wall |
| 8:50 | Build | Barracks |
| 9:24 | Build | Palisade Wall |
| 9:29 | Build | Palisade Wall |
| 9:35 | Age | Feudal Age |
| 9:55 | Build | Palisade Wall |
| 10:01 | Create | Villager (Male) |
| 10:01 | Create | Villager (Male) |
| 10:02 | Create | Villager (Male) |
| 10:02 | Create | Villager (Male) |
| 10:02 | Create | Villager (Male) |
| 10:19 | Create | Villager (Male) |
| 10:38 | Build | Archery Range |
| 10:43 | Build | Palisade Wall |
| 10:46 | Build | Palisade Wall |
| 10:47 | Build | Palisade Wall |
| 10:54 | Create | Villager (Male) |
| 10:54 | Create | Villager (Male) |
| 11:03 | Build | Palisade Gate |
| 11:05 | Create | Villager (Male) |
| 11:11 | Build | Lumber Camp |
| 11:14 | Create | Villager (Male) |
| 11:14 | Create | Villager (Male) |
| 11:36 | Build | Palisade Wall |
| 11:41 | Research | Double-Bit Axe |
| 11:57 | Create | Archer |
| 11:58 | Create | Archer |
| 11:58 | Create | Archer |
| 12:04 | Build | House |
| 12:33 | Build | House |
| 12:34 | Build | House |
| 12:40 | Build | House |
| 13:03 | Create | Skirmisher |
| 13:11 | Build | Donjon |
| 13:40 | Build | Palisade Wall |
| 13:59 | Build | Farm |
| 14:00 | Build | Farm |
| 14:01 | Create | Villager (Male) |
| 14:20 | Create | Archer |
| 14:25 | Create | Villager (Male) |
| 14:42 | Create | Skirmisher |
| 15:08 | Build | Farm |
| 15:09 | Build | Farm |
| 15:14 | Build | House |
| 15:36 | Build | Farm |
| 15:38 | Create | Villager (Male) |
| 15:38 | Create | Villager (Male) |
| 15:51 | Build | Mining Camp |
| 15:58 | Build | Palisade Wall |
| 16:09 | Build | Farm |
| 16:10 | Build | Farm |
| 16:11 | Build | Farm |
| 16:22 | Create | Archer |
| 16:22 | Create | Archer |
| 16:45 | Build | Farm |
| 16:46 | Build | Farm |
| 16:48 | Create | Villager (Male) |
| 16:48 | Create | Villager (Male) |
| 16:50 | Create | Villager (Male) |
| 17:48 | Build | House |
| 18:31 | Build | Farm |
| 18:31 | Build | Farm |
| 18:31 | Build | Farm |
| 18:31 | Build | Farm |
| 18:32 | Build | Farm |
| 19:00 | Build | Market |
| 19:28 | Build | Blacksmith |
| 19:31 | Create | Villager (Male) |
| 19:32 | Create | Villager (Male) |
| 19:34 | Build | Farm |
| 19:40 | Create | Skirmisher |
| 19:46 | Build | Farm |
| 20:08 | Research | Castle Age |
| 21:00 | Build | Palisade Gate |
| 21:05 | Create | Skirmisher |
| 21:11 | Research | Horse Collar |
| 23:01 | Age | Castle Age |
| 23:22 | Create | Villager (Male) |
| 23:23 | Create | Villager (Male) |
| 23:24 | Create | Villager (Male) |
| 23:24 | Create | Villager (Male) |
| 23:43 | Research | Fletching |
| 23:50 | Create | Villager (Male) |
| 23:50 | Create | Villager (Male) |
| 24:07 | Build | Castle |
| 24:32 | Build | Barracks |
| 24:32 | Build | Barracks |
| 24:36 | Research | Pikeman (upgrade) |
| 24:36 | Research | Squires |
| 24:38 | Research | Forging |
| 24:38 | Research | Scale Mail Armor |
| 24:41 | Create | Villager (Male) |
| 24:53 | Create | Spearman |
| 24:53 | Create | Spearman |
| 24:53 | Create | Spearman |
| 24:57 | Create | Spearman |
| 25:09 | Build | House |
| 25:13 | Create | Spearman |
| 25:13 | Create | Spearman |
| 25:14 | Create | Spearman |
| 25:18 | Create | Spearman |
| 25:19 | Create | Spearman |
| 25:28 | Create | Spearman |
| 25:29 | Create | Spearman |
| 25:32 | Build | House |
| 26:14 | Build | Castle |
| 26:29 | Research | Chain Mail Armor |
| 26:29 | Research | Chain Mail Armor |
| 26:52 | Build | Town Center |
| 27:07 | Create | Spearman |
| 27:07 | Create | Spearman |
| 27:07 | Create | Spearman |
| 27:08 | Create | Spearman |
| 27:28 | Create | Spearman |
| 27:29 | Create | Spearman |
| 27:37 | Create | Spearman |
| 27:38 | Create | Spearman |
| 27:55 | Create | Spearman |
| 27:56 | Create | Spearman |
| 28:35 | Create | Villager (Male) |
| 28:35 | Create | Villager (Male) |
Build order — FullMagic
First 150 of 473 actions detected
| 0:02 | Create | Villager (Male) ×4 |
| 0:02 | Create | Villager (Male) ×4 |
| 0:02 | Create | Villager (Male) ×4 |
| 0:05 | Build | House |
| 0:07 | Build | House |
| 1:40 | Create | Villager (Male) |
| 1:40 | Create | Villager (Male) |
| 2:03 | Build | Lumber Camp |
| 2:06 | Create | Villager (Male) |
| 2:06 | Create | Villager (Male) |
| 2:21 | Create | Villager (Male) |
| 2:22 | Create | Villager (Male) |
| 2:46 | Create | Villager (Male) |
| 2:46 | Create | Villager (Male) |
| 3:17 | Create | Villager (Male) |
| 3:17 | Create | Villager (Male) |
| 3:38 | Create | Villager (Male) |
| 3:38 | Create | Villager (Male) |
| 3:54 | Build | House |
| 4:10 | Create | Villager (Male) |
| 4:10 | Create | Villager (Male) |
| 4:21 | Build | Mill |
| 4:32 | Build | House |
| 4:48 | Create | Villager (Male) |
| 5:13 | Create | Villager (Male) |
| 5:13 | Create | Villager (Male) |
| 5:14 | Create | Villager (Male) |
| 5:14 | Create | Villager (Male) |
| 6:00 | Create | Villager (Male) |
| 6:07 | Create | Villager (Male) |
| 7:15 | Build | House |
| 7:22 | Research | Feudal Age |
| 8:03 | Build | Barracks |
| 8:05 | Build | House |
| 8:53 | Research | Loom |
| 9:42 | Age | Feudal Age |
| 9:44 | Create | Villager (Male) |
| 9:47 | Build | Stable |
| 9:52 | Research | Double-Bit Axe |
| 9:57 | Create | Villager (Male) |
| 10:12 | Create | Villager (Male) |
| 10:26 | Build | House |
| 10:29 | Create | Scout Cavalry |
| 10:30 | Create | Scout Cavalry |
| 10:30 | Create | Scout Cavalry |
| 10:30 | Create | Scout Cavalry |
| 10:34 | Create | Villager (Male) |
| 10:42 | Build | Palisade Gate |
| 10:46 | Build | Blacksmith |
| 10:49 | Create | Villager (Male) |
| 10:53 | Build | Farm |
| 10:57 | Create | Spearman |
| 11:10 | Build | Farm |
| 11:14 | Build | Farm |
| 11:20 | Build | Farm |
| 11:22 | Build | Farm |
| 11:34 | Create | Villager (Male) |
| 11:43 | Build | House |
| 11:46 | Build | Palisade Wall |
| 11:49 | Build | Palisade Gate |
| 11:52 | Create | Villager (Male) |
| 11:55 | Build | Farm |
| 12:00 | Create | Scout Cavalry |
| 12:20 | Research | Forging |
| 12:26 | Build | Farm |
| 12:38 | Create | Villager (Male) |
| 12:41 | Build | Farm |
| 12:46 | Create | Scout Cavalry |
| 12:59 | Build | House |
| 13:01 | Build | Palisade Wall |
| 13:04 | Create | Villager (Male) |
| 13:10 | Create | Scout Cavalry |
| 13:40 | Create | Villager (Male) |
| 13:42 | Create | Scout Cavalry |
| 13:45 | Build | Farm |
| 13:46 | Build | Farm |
| 13:47 | Build | Farm |
| 14:01 | Create | Villager (Male) |
| 14:08 | Build | Farm |
| 14:09 | Create | Villager (Male) |
| 14:24 | Create | Villager (Male) |
| 14:29 | Build | Farm |
| 14:30 | Build | Farm |
| 14:32 | Build | Farm |
| 14:47 | Build | Farm |
| 14:49 | Create | Villager (Male) |
| 14:55 | Create | Villager (Male) |
| 15:13 | Build | Farm |
| 15:23 | Create | Scout Cavalry |
| 15:24 | Create | Scout Cavalry |
| 15:28 | Build | Farm |
| 15:28 | Create | Villager (Male) |
| 15:33 | Build | Palisade Wall |
| 15:39 | Create | Scout Cavalry |
| 15:53 | Build | Farm |
| 16:25 | Research | Bloodlines |
| 16:25 | Research | Bloodlines |
| 16:30 | Build | Stable |
| 17:13 | Create | Villager (Male) |
| 17:14 | Create | Villager (Male) |
| 17:22 | Build | Mining Camp |
| 17:41 | Build | Farm |
| 17:54 | Research | Wheelbarrow |
| 18:41 | Build | Market |
| 18:43 | Build | House |
| 19:00 | Create | Villager (Male) |
| 19:01 | Create | Villager (Male) |
| 19:02 | Create | Scout Cavalry |
| 19:02 | Create | Scout Cavalry |
| 19:03 | Create | Scout Cavalry |
| 19:03 | Create | Scout Cavalry |
| 19:39 | Create | Scout Cavalry |
| 19:39 | Create | Scout Cavalry |
| 19:51 | Create | Villager (Male) |
| 20:17 | Research | Castle Age |
| 20:17 | Research | Castle Age |
| 20:57 | Build | Farm |
| 21:00 | Research | Horse Collar |
| 21:19 | Build | House |
| 21:20 | Build | House |
| 21:22 | Build | House |
| 21:23 | Build | Palisade Wall |
| 22:57 | Age | Castle Age |
| 23:01 | Create | Knight |
| 23:01 | Create | Knight |
| 23:02 | Create | Knight |
| 23:02 | Create | Knight |
| 23:07 | Research | Iron Casting |
| 23:10 | Create | Villager (Male) |
| 23:14 | Build | Town Center |
| 23:15 | Create | Villager (Male) |
| 23:45 | Research | Scale Barding Armor |
| 23:45 | Create | Villager (Male) |
| 23:45 | Create | Villager (Male) |
| 23:52 | Create | Knight |
| 23:53 | Create | Knight |
| 24:02 | Build | Palisade Wall |
| 24:07 | Build | Palisade Gate |
| 24:09 | Build | House |
| 24:19 | Create | Villager (Male) |
| 24:23 | Create | Knight |
| 24:24 | Create | Knight |
| 24:27 | Build | Farm |
| 24:47 | Create | Knight |
| 24:49 | Research | Husbandry |
| 24:51 | Build | Farm |
| 25:03 | Create | Villager (Male) |
| 25:03 | Create | Villager (Male) |
| 25:07 | Create | Villager (Male) |
| 25:09 | Create | Knight |
Build order — Plinio
First 150 of 347 actions detected
| 0:01 | Create | Villager (Male) |
| 0:01 | Create | Villager (Male) |
| 0:01 | Create | Villager (Male) |
| 0:01 | Create | Villager (Male) |
| 0:02 | Create | Villager (Male) |
| 0:03 | Build | House |
| 0:05 | Build | House |
| 1:21 | Create | Villager (Male) |
| 1:52 | Build | Lumber Camp |
| 1:54 | Create | Villager (Male) |
| 1:55 | Create | Villager (Male) |
| 2:11 | Create | Villager (Male) |
| 2:37 | Create | Villager (Male) |
| 2:58 | Create | Villager (Male) |
| 3:37 | Build | House |
| 4:13 | Create | Villager (Male) |
| 4:14 | Create | Villager (Male) |
| 4:14 | Create | Villager (Male) |
| 5:27 | Create | Villager (Male) |
| 5:28 | Create | Villager (Male) |
| 6:20 | Build | Mill |
| 6:27 | Create | Villager (Male) |
| 6:47 | Research | Loom |
| 7:02 | Create | Villager (Male) |
| 7:37 | Research | Feudal Age |
| 8:17 | Build | House |
| 9:00 | Build | Barracks |
| 9:52 | Age | Feudal Age |
| 10:06 | Build | Stable |
| 10:09 | Create | Villager (Male) |
| 10:10 | Create | Villager (Male) |
| 10:44 | Create | Scout Cavalry |
| 10:44 | Create | Scout Cavalry |
| 10:44 | Create | Scout Cavalry |
| 10:47 | Build | Stable |
| 10:58 | Build | House |
| 11:05 | Build | Farm |
| 11:15 | Create | Scout Cavalry |
| 11:15 | Create | Scout Cavalry |
| 11:16 | Create | Scout Cavalry |
| 11:28 | Build | Palisade Wall |
| 11:54 | Build | Lumber Camp |
| 12:18 | Build | Farm |
| 12:19 | Create | Scout Cavalry |
| 12:27 | Build | House |
| 12:28 | Build | House |
| 12:50 | Build | Farm |
| 12:54 | Build | Farm |
| 13:38 | Create | Villager (Male) |
| 13:43 | Build | Blacksmith |
| 14:22 | Create | Villager (Male) |
| 14:26 | Build | Farm |
| 14:27 | Build | Farm |
| 14:27 | Build | Farm |
| 14:27 | Build | Farm |
| 14:27 | Build | Farm |
| 14:27 | Build | Farm |
| 14:28 | Build | Farm |
| 14:28 | Build | Farm |
| 14:34 | Build | House |
| 14:35 | Build | House |
| 15:24 | Build | Farm |
| 15:26 | Build | Farm |
| 15:32 | Create | Scout Cavalry |
| 15:34 | Create | Villager (Male) |
| 15:39 | Build | House |
| 15:51 | Create | Villager (Male) |
| 16:10 | Create | Villager (Male) |
| 16:14 | Build | Farm |
| 16:22 | Build | Farm |
| 16:38 | Create | Scout Cavalry |
| 16:39 | Create | Scout Cavalry |
| 17:09 | Create | Villager (Male) |
| 17:09 | Create | Villager (Male) |
| 17:37 | Build | Watch Tower |
| 17:42 | Build | House |
| 17:43 | Build | House |
| 17:51 | Create | Villager (Male) |
| 17:51 | Create | Villager (Male) |
| 17:52 | Create | Villager (Male) |
| 17:52 | Create | Villager (Male) |
| 18:06 | Create | Spearman |
| 18:06 | Create | Spearman |
| 18:07 | Create | Spearman |
| 18:15 | Build | House |
| 18:16 | Build | House |
| 18:56 | Create | Villager (Male) |
| 19:21 | Create | Scout Cavalry |
| 19:32 | Create | Scout Cavalry |
| 19:47 | Create | Scout Cavalry |
| 19:51 | Create | Scout Cavalry |
| 19:51 | Create | Scout Cavalry |
| 19:51 | Create | Scout Cavalry |
| 20:39 | Build | Farm |
| 20:39 | Build | Farm |
| 20:39 | Build | Farm |
| 20:39 | Build | Farm |
| 20:39 | Build | Farm |
| 20:40 | Build | Farm |
| 20:40 | Build | Farm |
| 20:40 | Build | Farm |
| 20:40 | Build | Farm |
| 20:48 | Create | Spearman |
| 20:48 | Create | Spearman |
| 20:56 | Research | Scale Barding Armor |
| 21:12 | Build | Farm |
| 21:12 | Build | Farm |
| 21:12 | Build | Farm |
| 21:12 | Build | Farm |
| 21:14 | Create | Villager (Male) |
| 21:14 | Create | Villager (Male) |
| 21:31 | Build | Farm |
| 21:48 | Create | Scout Cavalry |
| 21:56 | Create | Scout Cavalry |
| 22:05 | Create | Villager (Male) |
| 22:06 | Create | Villager (Male) |
| 22:18 | Create | Villager (Male) |
| 22:23 | Create | Scout Cavalry |
| 22:37 | Build | Market |
| 22:45 | Research | Double-Bit Axe |
| 22:45 | Research | Double-Bit Axe |
| 23:05 | Create | Scout Cavalry ×2 |
| 23:05 | Create | Scout Cavalry ×2 |
| 23:07 | Create | Villager (Male) |
| 23:08 | Create | Villager (Male) |
| 23:20 | Research | Horse Collar |
| 23:31 | Create | Villager (Male) |
| 23:53 | Create | Villager (Male) |
| 24:00 | Research | Forging |
| 24:00 | Research | Forging |
| 24:54 | Build | Mining Camp |
| 25:22 | Create | Villager (Male) |
| 25:22 | Create | Villager (Male) |
| 25:22 | Create | Villager (Male) |
| 26:09 | Create | Villager (Male) |
| 26:18 | Research | Castle Age |
| 27:52 | Build | Stable |
| 29:14 | Build | Stable |
| 29:16 | Build | Palisade Wall |
| 29:17 | Age | Castle Age |
| 29:20 | Create | Knight |
| 29:20 | Create | Knight |
| 29:21 | Create | Knight |
| 29:25 | Research | Chain Barding Armor |
| 29:28 | Create | Villager (Male) |
| 29:29 | Create | Villager (Male) |
| 29:29 | Create | Villager (Male) |
| 29:30 | Create | Villager (Male) |
| 29:30 | Create | Villager (Male) |
| 29:30 | Create | Villager (Male) |
Build order — Borracho11.PE
First 150 of 394 actions detected
| 0:01 | Create | Villager (Male) |
| 0:02 | Create | Villager (Male) |
| 0:03 | Build | House |
| 0:03 | Create | Villager (Male) |
| 0:04 | Build | Barracks |
| 0:13 | Build | House |
| 0:13 | Create | Villager (Male) |
| 1:27 | Create | Villager (Male) |
| 1:28 | Create | Villager (Male) |
| 2:01 | Create | Villager (Male) |
| 2:02 | Create | Villager (Male) |
| 2:19 | Create | Villager (Male) |
| 2:21 | Build | Lumber Camp |
| 2:52 | Create | Villager (Male) |
| 2:52 | Create | Villager (Male) |
| 3:02 | Build | House |
| 3:17 | Create | Villager (Male) |
| 3:20 | Create | Villager (Male) |
| 3:20 | Create | Villager (Male) |
| 3:51 | Create | Villager (Male) |
| 3:51 | Create | Villager (Male) |
| 4:08 | Create | Villager (Male) |
| 4:17 | Create | Villager (Male) |
| 4:17 | Create | Villager (Male) |
| 4:35 | Create | Villager (Male) |
| 4:47 | Create | Villager (Male) |
| 5:30 | Build | Mining Camp |
| 6:17 | Create | Villager (Male) |
| 6:19 | Research | Loom |
| 6:19 | Research | Loom |
| 6:19 | Research | Loom |
| 7:06 | Research | Feudal Age |
| 7:06 | Research | Feudal Age |
| 7:07 | Research | Feudal Age |
| 7:32 | Build | Barracks |
| 7:43 | Build | House |
| 9:11 | Build | Palisade Wall |
| 9:17 | Age | Feudal Age |
| 9:19 | Build | Archery Range |
| 9:23 | Build | Archery Range |
| 9:24 | Create | Villager (Male) |
| 9:25 | Research | Double-Bit Axe |
| 9:25 | Research | Double-Bit Axe |
| 9:34 | Create | Villager (Male) |
| 9:40 | Create | Villager (Male) |
| 9:49 | Build | Blacksmith |
| 10:10 | Create | Spearman |
| 10:28 | Create | Archer |
| 10:28 | Create | Archer |
| 10:28 | Create | Archer |
| 10:31 | Create | Spearman |
| 10:36 | Build | House |
| 10:53 | Build | Mill |
| 11:02 | Create | Archer |
| 11:02 | Create | Archer |
| 11:03 | Create | Archer |
| 11:07 | Build | House |
| 11:09 | Build | Palisade Wall |
| 11:27 | Build | Palisade Wall |
| 11:30 | Create | Archer |
| 11:30 | Create | Archer |
| 11:43 | Create | Villager (Male) |
| 11:47 | Build | Farm |
| 12:12 | Build | Farm |
| 12:13 | Build | Farm |
| 12:17 | Build | Farm |
| 12:18 | Build | Farm |
| 12:29 | Build | Farm |
| 12:37 | Create | Villager (Male) |
| 12:40 | Build | House |
| 13:21 | Research | Fletching |
| 13:21 | Research | Fletching |
| 13:30 | Build | House |
| 13:36 | Create | Spearman |
| 13:47 | Build | Farm |
| 13:55 | Create | Villager (Male) |
| 13:59 | Build | Farm |
| 14:12 | Build | House |
| 14:13 | Build | House |
| 14:22 | Build | House |
| 14:25 | Build | House |
| 15:11 | Create | Villager (Male) |
| 15:12 | Create | Villager (Male) |
| 15:16 | Build | Lumber Camp |
| 15:26 | Build | Palisade Gate |
| 15:28 | Build | House |
| 15:30 | Build | Palisade Wall |
| 15:39 | Create | Villager (Male) |
| 15:45 | Build | House |
| 15:46 | Build | Palisade Wall |
| 15:48 | Create | Villager (Male) |
| 15:48 | Create | Villager (Male) |
| 16:03 | Create | Villager (Male) |
| 16:08 | Build | Farm |
| 16:19 | Create | Villager (Male) |
| 16:24 | Build | Farm |
| 16:44 | Build | Farm |
| 16:51 | Create | Villager (Male) |
| 16:55 | Build | House |
| 17:01 | Create | Villager (Male) |
| 17:17 | Create | Spearman |
| 17:26 | Research | Horse Collar |
| 17:26 | Research | Horse Collar |
| 17:27 | Research | Horse Collar |
| 17:28 | Create | Villager (Male) |
| 17:43 | Build | House |
| 17:54 | Create | Archer ×5 |
| 17:54 | Create | Archer ×5 |
| 17:55 | Create | Villager (Male) |
| 18:04 | Create | Villager (Male) |
| 18:08 | Create | Archer ×4 |
| 18:08 | Create | Archer ×4 |
| 20:00 | Research | Town Watch |
| 20:00 | Create | Villager (Male) |
| 20:01 | Create | Villager (Male) |
| 20:18 | Create | Villager (Male) |
| 20:22 | Build | Farm |
| 20:43 | Create | Villager (Male) |
| 20:53 | Build | Mill |
| 20:55 | Build | Farm |
| 20:56 | Build | Farm |
| 20:56 | Build | Farm |
| 20:56 | Build | Farm |
| 20:58 | Create | Villager (Male) |
| 21:06 | Build | House |
| 21:07 | Build | House |
| 21:08 | Build | Palisade Wall |
| 21:11 | Build | Palisade Wall |
| 21:18 | Build | Farm |
| 21:18 | Build | Farm |
| 21:21 | Build | Lumber Camp |
| 21:25 | Build | Farm |
| 21:30 | Build | Farm |
| 21:34 | Build | Farm |
| 21:44 | Create | Villager (Male) |
| 21:49 | Create | Archer |
| 21:50 | Create | Archer |
| 21:50 | Create | Archer |
| 22:04 | Create | Spearman |
| 22:09 | Build | Farm |
| 22:10 | Build | Farm |
| 22:10 | Build | Farm |
| 22:13 | Build | Farm |
| 22:14 | Create | Villager (Male) |
| 22:22 | Build | Palisade Wall |
| 22:31 | Create | Archer |
| 22:43 | Build | Farm |
| 22:51 | Create | Spearman |
| 22:52 | Create | Spearman |
| 23:02 | Build | Palisade Gate |
Build order — Thadeus
First 150 of 428 actions detected
| 0:01 | Create | Villager (Male) ×4 |
| 0:02 | Build | House |
| 0:04 | Build | House |
| 1:26 | Create | Villager (Male) |
| 2:08 | Create | Villager (Male) |
| 2:09 | Create | Villager (Male) |
| 2:12 | Build | Lumber Camp |
| 2:22 | Create | Villager (Male) |
| 2:38 | Create | Villager (Male) |
| 3:21 | Create | Villager (Male) |
| 3:22 | Create | Villager (Male) |
| 3:53 | Build | House |
| 4:12 | Create | Villager (Male) |
| 4:20 | Create | Villager (Male) |
| 4:47 | Create | Villager (Male) |
| 4:47 | Create | Villager (Male) |
| 5:50 | Create | Villager (Male) |
| 5:53 | Research | Loom |
| 6:28 | Build | Barracks |
| 7:05 | Create | Villager (Male) |
| 7:19 | Build | Lumber Camp |
| 7:24 | Research | Feudal Age |
| 7:40 | Build | Mining Camp |
| 7:46 | Build | House |
| 8:03 | Build | House |
| 8:25 | Build | Palisade Wall |
| 9:05 | Build | House |
| 9:12 | Build | Palisade Wall |
| 9:14 | Build | Palisade Wall |
| 9:16 | Build | Palisade Wall |
| 9:19 | Build | Palisade Wall |
| 9:21 | Build | Palisade Wall |
| 9:40 | Age | Feudal Age |
| 9:44 | Build | Archery Range |
| 9:51 | Build | Palisade Wall |
| 9:53 | Build | Palisade Wall |
| 9:56 | Build | Palisade Wall |
| 9:59 | Research | Double-Bit Axe |
| 10:02 | Build | Palisade Wall |
| 10:09 | Build | Palisade Wall |
| 10:24 | Create | Villager (Male) |
| 10:25 | Create | Villager (Male) |
| 10:25 | Create | Villager (Male) |
| 10:30 | Build | Palisade Wall |
| 10:32 | Create | Archer |
| 10:56 | Build | Palisade Gate |
| 11:03 | Create | Archer |
| 11:16 | Create | Archer |
| 11:26 | Create | Villager (Male) |
| 11:28 | Build | Blacksmith |
| 11:32 | Build | House |
| 12:05 | Create | Archer |
| 12:24 | Create | Villager (Male) |
| 12:24 | Create | Villager (Male) |
| 12:32 | Build | Mill |
| 12:38 | Create | Archer |
| 13:28 | Create | Archer |
| 13:49 | Create | Archer |
| 13:53 | Build | Archery Range |
| 14:02 | Create | Villager (Male) |
| 14:05 | Research | Fletching |
| 14:25 | Build | House |
| 14:35 | Create | Archer |
| 14:48 | Create | Villager (Male) |
| 14:56 | Create | Archer |
| 15:16 | Create | Archer |
| 15:28 | Build | Farm |
| 15:28 | Build | Farm |
| 15:28 | Build | Farm |
| 15:29 | Build | Farm |
| 15:35 | Build | Farm |
| 15:38 | Create | Archer |
| 15:40 | Create | Villager (Male) |
| 15:45 | Build | Market |
| 15:59 | Build | House |
| 16:09 | Build | Palisade Wall |
| 16:13 | Create | Archer |
| 16:13 | Create | Archer |
| 16:14 | Create | Villager (Male) |
| 16:15 | Create | Villager (Male) |
| 16:36 | Build | Palisade Wall |
| 16:47 | Create | Archer |
| 16:47 | Create | Archer |
| 16:59 | Create | Villager (Male) |
| 17:03 | Build | House |
| 17:08 | Create | Archer |
| 17:17 | Create | Archer |
| 17:45 | Create | Archer |
| 17:46 | Create | Villager (Male) |
| 17:47 | Create | Villager (Male) |
| 17:47 | Create | Villager (Male) |
| 17:49 | Build | Farm |
| 17:52 | Build | Farm |
| 17:52 | Build | Farm |
| 17:57 | Create | Archer |
| 17:59 | Create | Villager (Male) |
| 18:09 | Create | Archer |
| 18:11 | Create | Archer |
| 18:36 | Create | Archer |
| 19:04 | Create | Villager (Male) |
| 19:05 | Create | Archer |
| 19:05 | Create | Archer |
| 19:09 | Build | Palisade Wall |
| 19:21 | Create | Archer |
| 19:23 | Research | Padded Archer Armor |
| 19:25 | Create | Villager (Male) |
| 19:55 | Create | Villager (Male) |
| 19:55 | Create | Archer |
| 19:57 | Build | Farm |
| 19:58 | Build | Farm |
| 20:16 | Create | Villager (Male) |
| 20:17 | Create | Archer |
| 20:18 | Create | Archer |
| 20:25 | Build | House |
| 20:29 | Build | Palisade Gate |
| 20:32 | Build | Palisade Wall |
| 20:38 | Create | Archer |
| 20:38 | Create | Archer |
| 20:53 | Create | Villager (Male) |
| 21:00 | Build | Farm |
| 21:00 | Build | Farm |
| 21:06 | Create | Villager (Male) |
| 21:23 | Create | Villager (Male) |
| 21:25 | Build | Farm |
| 21:31 | Create | Archer |
| 21:37 | Create | Archer |
| 21:57 | Create | Villager (Male) |
| 21:58 | Create | Archer |
| 22:00 | Build | Farm |
| 22:00 | Build | Farm |
| 22:06 | Create | Archer |
| 22:09 | Create | Villager (Male) |
| 22:22 | Build | Lumber Camp |
| 22:46 | Create | Archer |
| 22:46 | Create | Archer |
| 22:57 | Build | House |
| 22:57 | Build | House |
| 23:01 | Create | Archer |
| 23:05 | Create | Villager (Male) |
| 23:26 | Build | House |
| 23:51 | Build | Farm |
| 23:56 | Research | Castle Age |
| 24:01 | Create | Archer |
| 24:02 | Create | Archer |
| 24:28 | Research | Gold Mining |
| 24:29 | Research | Horse Collar |
| 24:34 | Create | Archer |
| 25:01 | Create | Archer |
| 25:02 | Create | Archer |
| 25:22 | Create | Archer |
Build order — ShevY; el Zanquilargo
First 150 of 338 actions detected
| 0:01 | Create | Villager (Male) ×4 |
| 0:03 | Build | House |
| 0:04 | Build | House |
| 1:24 | Create | Villager (Male) |
| 1:24 | Create | Villager (Male) |
| 1:52 | Build | Lumber Camp |
| 2:14 | Create | Villager (Male) |
| 2:36 | Create | Villager (Male) |
| 2:41 | Create | Villager (Male) |
| 3:10 | Create | Villager (Male) |
| 3:53 | Create | Villager (Male) |
| 4:02 | Create | Villager (Male) |
| 4:04 | Build | House |
| 4:13 | Create | Villager (Male) |
| 5:08 | Create | Villager (Male) |
| 5:13 | Build | Barracks |
| 5:29 | Create | Villager (Male) |
| 5:42 | Build | House |
| 6:05 | Create | Villager (Male) |
| 6:06 | Create | Villager (Male) |
| 6:09 | Research | Loom |
| 6:53 | Research | Feudal Age |
| 6:53 | Create | Villager (Male) |
| 7:06 | Build | Mining Camp |
| 7:08 | Create | Militia |
| 7:30 | Create | Militia |
| 7:54 | Create | Militia |
| 8:44 | Build | House |
| 9:05 | Age | Feudal Age |
| 9:11 | Research | Man-at-Arms (upgrade) |
| 9:16 | Build | Archery Range |
| 9:18 | Create | Villager (Male) |
| 9:32 | Create | Villager (Male) |
| 9:50 | Build | Blacksmith |
| 9:56 | Create | Villager (Male) |
| 10:31 | Create | Villager (Male) |
| 10:31 | Create | Archer |
| 11:02 | Research | Fletching |
| 11:07 | Build | House |
| 11:08 | Build | House |
| 11:09 | Create | Archer |
| 11:23 | Create | Archer |
| 11:32 | Build | Mill |
| 11:49 | Create | Villager (Male) |
| 12:02 | Create | Spearman |
| 12:03 | Create | Archer |
| 12:11 | Build | Farm |
| 12:12 | Build | Farm |
| 12:22 | Build | House |
| 12:34 | Create | Archer |
| 12:48 | Build | Farm |
| 12:49 | Build | Farm |
| 12:56 | Create | Villager (Male) |
| 13:27 | Create | Archer |
| 13:27 | Create | Villager (Male) |
| 13:57 | Create | Archer |
| 13:58 | Create | Villager (Male) |
| 14:04 | Build | Archery Range |
| 14:07 | Create | Villager (Male) |
| 14:18 | Create | Archer |
| 14:24 | Build | House |
| 14:28 | Build | Farm |
| 14:32 | Build | Farm |
| 14:48 | Create | Archer |
| 14:48 | Create | Villager (Male) |
| 15:13 | Create | Archer |
| 15:14 | Create | Villager (Male) |
| 15:16 | Create | Archer |
| 15:17 | Create | Archer |
| 15:26 | Research | Padded Archer Armor |
| 15:30 | Build | House |
| 15:31 | Build | Farm |
| 15:37 | Create | Villager (Male) |
| 15:39 | Build | Farm |
| 15:50 | Build | House |
| 15:52 | Build | Palisade Wall |
| 15:57 | Create | Villager (Male) |
| 16:04 | Create | Archer |
| 16:04 | Create | Archer |
| 16:16 | Research | Double-Bit Axe |
| 16:16 | Research | Double-Bit Axe |
| 16:20 | Build | Farm |
| 16:21 | Build | Farm |
| 16:42 | Create | Archer |
| 16:54 | Create | Villager (Male) |
| 17:13 | Create | Archer |
| 17:18 | Create | Villager (Male) |
| 17:22 | Build | Farm |
| 17:28 | Create | Villager (Male) |
| 17:47 | Create | Archer |
| 17:48 | Create | Villager (Male) |
| 17:54 | Build | Archery Range |
| 17:58 | Create | Archer |
| 17:59 | Create | Villager (Male) |
| 18:05 | Build | Farm |
| 18:06 | Build | Farm |
| 18:06 | Build | Farm |
| 18:06 | Build | Farm |
| 18:14 | Create | Villager (Male) |
| 18:18 | Build | Farm |
| 18:27 | Create | Archer |
| 18:39 | Build | Farm |
| 18:43 | Create | Archer |
| 18:43 | Create | Villager (Male) |
| 19:15 | Create | Archer ×2 |
| 19:20 | Build | House |
| 19:22 | Build | House |
| 19:24 | Build | Palisade Wall |
| 19:27 | Build | Palisade Wall |
| 19:29 | Build | Palisade Wall |
| 19:53 | Create | Archer |
| 20:08 | Create | Villager (Male) |
| 20:21 | Create | Villager (Male) |
| 20:47 | Create | Villager (Male) |
| 21:09 | Create | Archer ×3 |
| 21:22 | Create | Archer |
| 21:23 | Create | Villager (Male) |
| 21:26 | Build | House |
| 21:52 | Create | Archer |
| 21:55 | Create | Archer |
| 21:55 | Create | Villager (Male) |
| 22:13 | Build | House |
| 22:43 | Research | Castle Age |
| 22:47 | Create | Villager (Male) ×5 |
| 22:53 | Create | Villager (Male) |
| 22:56 | Build | Mining Camp |
| 23:06 | Create | Archer ×2 |
| 23:39 | Create | Archer ×2 |
| 23:39 | Create | Villager (Male) |
| 23:48 | Build | Farm |
| 23:48 | Build | Farm |
| 23:49 | Build | Farm |
| 23:50 | Build | Farm |
| 24:18 | Research | Gold Mining |
| 24:31 | Create | Archer ×3 |
| 24:36 | Build | House |
| 24:51 | Build | House |
| 24:53 | Build | House |
| 24:55 | Build | House |
| 25:05 | Create | Villager (Male) |
| 25:16 | Create | Archer |
| 25:23 | Age | Castle Age |
| 25:26 | Research | Crossbowman (upgrade) |
| 25:34 | Research | Bodkin Arrow |
| 26:15 | Research | Crossbowman (upgrade) |
| 26:18 | Create | Villager (Male) |
| 26:19 | Create | Villager (Male) |
| 26:27 | Create | Villager (Male) |
| 26:58 | Create | Archer ×2 |
| 26:58 | Create | Villager (Male) |
Match timeline
| 0:04 | Borracho11.PE · first_building Barracks |
| 5:13 | ShevY; el Zanquilargo · first_building Barracks |
| 6:28 | Thadeus · first_building Barracks |
| 7:43 | Pollericci Jr. · first_building Barracks |
| 8:01 | LE | Dabighead · first_building Barracks |
| 8:03 | FullMagic · first_building Barracks |
| 8:04 | Shushupe.........xD · wall_segment Palisade Wall x6 |
| 8:25 | Thadeus · wall_segment Palisade Wall x4 |
| 8:35 | Shushupe.........xD · wall_segment Palisade Wall x1 |
| 8:50 | Shushupe.........xD · first_building Barracks |
| 9:00 | Plinio · first_building Barracks |
| 9:05 | ShevY; el Zanquilargo · age_up feudal |
| 9:11 | Borracho11.PE · wall_segment Palisade Wall x11 |
| 9:12 | Thadeus · wall_segment Palisade Wall x1 |
| 9:14 | Thadeus · wall_segment Palisade Wall x1 |
| 9:16 | Thadeus · wall_segment Palisade Wall x1 |
| 9:16 | ShevY; el Zanquilargo · first_building Archery Range |
| 9:16 | LE | Dabighead · age_up feudal |
| 9:17 | Borracho11.PE · age_up feudal |
| 9:19 | Borracho11.PE · first_building Archery Range |
| 9:19 | Thadeus · wall_segment Palisade Wall x1 |
| 9:19 | Pollericci Jr. · age_up feudal |
| 9:21 | LE | Dabighead · first_building Stable |
| 9:21 | Thadeus · wall_segment Palisade Wall x1 |
| 9:24 | Shushupe.........xD · wall_segment Palisade Wall x8 |
| 9:29 | Shushupe.........xD · wall_segment Palisade Wall x6 |
| 9:35 | Shushupe.........xD · age_up feudal |
| 9:36 | Pollericci Jr. · first_building Stable |
| 9:40 | Thadeus · age_up feudal |
| 9:42 | FullMagic · age_up feudal |
| 9:44 | Thadeus · first_building Archery Range |
| 9:47 | FullMagic · first_building Stable |
| 9:51 | Thadeus · wall_segment Palisade Wall x1 |
| 9:52 | Plinio · age_up feudal |
| 9:53 | Thadeus · wall_segment Palisade Wall x1 |
| 9:55 | Shushupe.........xD · wall_segment Palisade Wall x6 |
| 9:56 | Thadeus · wall_segment Palisade Wall x1 |
| 10:02 | Thadeus · wall_segment Palisade Wall x1 |
| 10:06 | Plinio · first_building Stable |
| 10:09 | Thadeus · wall_segment Palisade Wall x1 |
| 10:30 | Thadeus · wall_segment Palisade Wall x1 |
| 10:38 | Shushupe.........xD · first_building Archery Range |
| 10:43 | Shushupe.........xD · wall_segment Palisade Wall x1 |
| 10:46 | Shushupe.........xD · wall_segment Palisade Wall x1 |
| 10:47 | Shushupe.........xD · wall_segment Palisade Wall x1 |
| 11:00 | Pollericci Jr. · wall_segment Palisade Wall x10 |
| 11:09 | Borracho11.PE · wall_segment Palisade Wall x7 |
| 11:27 | Borracho11.PE · wall_segment Palisade Wall x1 |
| 11:28 | Plinio · wall_segment Palisade Wall x7 |
| 11:33 | Pollericci Jr. · wall_segment Palisade Wall x6 |
| 11:36 | Shushupe.........xD · wall_segment Palisade Wall x7 |
| 11:38 | Pollericci Jr. · wall_segment Palisade Wall x15 |
| 11:46 | FullMagic · wall_segment Palisade Wall x21 |
| 11:50 | Pollericci Jr. · wall_segment Palisade Wall x14 |
| 11:52 | Pollericci Jr. · wall_segment Palisade Wall x5 |
| 11:53 | Pollericci Jr. · wall_segment Palisade Wall x1 |
| 12:03 | Pollericci Jr. · wall_segment Palisade Wall x1 |
| 12:06 | LE | Dabighead · wall_segment Palisade Wall x10 |
| 12:15 | LE | Dabighead · wall_segment Palisade Wall x6 |
| 13:01 | FullMagic · wall_segment Palisade Wall x10 |
| 13:05 | LE | Dabighead · wall_segment Palisade Wall x6 |
| 13:09 | LE | Dabighead · wall_segment Palisade Wall x9 |
| 13:11 | Shushupe.........xD · first_building Donjon |
| 13:40 | Shushupe.........xD · wall_segment Palisade Wall x1 |
| 13:58 | LE | Dabighead · wall_segment Palisade Wall x7 |
| 13:59 | LE | Dabighead · wall_segment Palisade Wall x7 |
| 15:30 | Borracho11.PE · wall_segment Palisade Wall x2 |
| 15:33 | FullMagic · wall_segment Palisade Wall x7 |
| 15:46 | Borracho11.PE · wall_segment Palisade Wall x1 |
| 15:52 | ShevY; el Zanquilargo · wall_segment Palisade Wall x4 |
| 15:58 | Shushupe.........xD · wall_segment Palisade Wall x1 |
| 16:08 | LE | Dabighead · first_market_buy 100 food |
| 16:09 | Thadeus · wall_segment Palisade Wall x11 |
| 16:35 | LE | Dabighead · first_market_sell 100 wood |
| 16:36 | Thadeus · wall_segment Palisade Wall x1 |
| 19:09 | Thadeus · wall_segment Palisade Wall x6 |
| 19:24 | ShevY; el Zanquilargo · wall_segment Palisade Wall x1 |
| 19:27 | ShevY; el Zanquilargo · wall_segment Palisade Wall x1 |
| 19:29 | ShevY; el Zanquilargo · wall_segment Palisade Wall x1 |
| 19:35 | LE | Dabighead · age_up castle |
| 20:32 | Thadeus · wall_segment Palisade Wall x4 |
| 20:40 | LE | Dabighead · wall_segment Palisade Wall x1 |
| 20:40 | LE | Dabighead · wall_segment Palisade Wall x1 |
| 21:08 | Borracho11.PE · wall_segment Palisade Wall x5 |
| 21:11 | Borracho11.PE · wall_segment Palisade Wall x5 |
| 21:23 | FullMagic · wall_segment Palisade Wall x1 |
| 21:53 | Pollericci Jr. · wall_segment Palisade Wall x1 |
| 22:22 | Borracho11.PE · wall_segment Palisade Wall x2 |
| 22:32 | Pollericci Jr. · age_up castle |
| 22:57 | FullMagic · age_up castle |
| 23:01 | Shushupe.........xD · age_up castle |
| 23:55 | Thadeus · first_market_buy 100 food |
| 24:01 | Borracho11.PE · wall_segment Palisade Wall x1 |
| 24:02 | Borracho11.PE · wall_segment Palisade Wall x1 |
| 24:02 | FullMagic · wall_segment Palisade Wall x13 |
| 24:05 | Borracho11.PE · wall_segment Palisade Wall x1 |
| 24:07 | Shushupe.........xD · first_building Castle |
| 25:09 | Borracho11.PE · wall_segment Palisade Wall x1 |
| 25:23 | ShevY; el Zanquilargo · age_up castle |
| 26:13 | Plinio · first_market_sell 100 food |
| 26:14 | Thadeus · wall_segment Palisade Wall x1 |
| 26:16 | Thadeus · wall_segment Palisade Wall x1 |
| 26:36 | Thadeus · age_up castle |
| 28:57 | Borracho11.PE · age_up castle |
| 29:16 | Plinio · wall_segment Palisade Wall x1 |
| 29:17 | Plinio · age_up castle |
| 30:22 | Plinio · wall_segment Palisade Wall x1 |
| 30:44 | ShevY; el Zanquilargo · wall_segment Palisade Wall x7 |
| 30:45 | ShevY; el Zanquilargo · wall_segment Palisade Wall x1 |
| 30:47 | ShevY; el Zanquilargo · wall_segment Palisade Wall x6 |
| 30:48 | ShevY; el Zanquilargo · wall_segment Palisade Wall x11 |
| 31:46 | ShevY; el Zanquilargo · wall_segment Palisade Wall x5 |
| 31:48 | ShevY; el Zanquilargo · wall_segment Palisade Wall x13 |
| 31:58 | LE | Dabighead · first_building Castle |
| 31:58 | Plinio · first_market_buy 100 stone |
| 32:54 | Thadeus · first_market_sell 100 food |
| 32:58 | ShevY; el Zanquilargo · wall_segment Palisade Wall x9 |
| 33:08 | FullMagic · first_building Siege Workshop |
| 34:07 | ShevY; el Zanquilargo · first_building Stable |
| 34:30 | LE | Dabighead · first_building Monastery |
| 34:34 | FullMagic · first_building Castle |
| 35:17 | Borracho11.PE · first_market_buy 100 stone |
| 37:09 | FullMagic · first_market_buy 100 stone |
| 38:53 | Pollericci Jr. · first_building Castle |
| 38:53 | Plinio · first_building Siege Workshop |
| 39:03 | Borracho11.PE · first_building Castle |
| 39:10 | LE | Dabighead · age_up imperial |
| 39:28 | Shushupe.........xD · first_market_buy 100 stone |
| 39:42 | FullMagic · age_up imperial |
| 40:22 | Thadeus · first_building Siege Workshop |
| 41:26 | Borracho11.PE · first_building Monastery |
| 42:21 | ShevY; el Zanquilargo · first_market_sell 100 wood |
| 42:24 | ShevY; el Zanquilargo · first_market_buy 100 stone |
| 43:15 | Shushupe.........xD · age_up imperial |
| 43:42 | Pollericci Jr. · age_up imperial |
| 43:49 | Shushupe.........xD · wall_segment Stone Wall x8 |
| 44:48 | Borracho11.PE · age_up imperial |
| 44:59 | Shushupe.........xD · wall_segment Stone Wall x7 |
| 45:17 | Shushupe.........xD · first_market_sell 100 wood |
| 45:25 | Pollericci Jr. · first_building Archery Range |
| 45:41 | Thadeus · age_up imperial |
| 45:53 | Shushupe.........xD · wall_segment Stone Wall x3 |
| 46:45 | ShevY; el Zanquilargo · first_building Siege Workshop |
| 48:15 | Shushupe.........xD · wall_segment Stone Wall x15 |
| 49:48 | LE | Dabighead · tribute_sent a jugador 1 |
| 49:48 | LE | Dabighead · tribute_sent a jugador 2 |
| 49:48 | LE | Dabighead · tribute_sent a jugador 3 |
| 49:48 | LE | Dabighead · tribute_sent a jugador 4 |
| 49:48 | LE | Dabighead · tribute_sent a jugador 5 |
| 49:48 | LE | Dabighead · tribute_sent a jugador 6 |
| 49:48 | LE | Dabighead · tribute_sent a jugador 8 |
| 50:56 | Plinio · first_building Castle |
| 51:04 | FullMagic · resign |
| 51:35 | Shushupe.........xD · wall_segment Stone Wall x14 |
| 51:46 | LE | Dabighead · tribute_sent a jugador 1 |
| 51:46 | LE | Dabighead · tribute_sent a jugador 2 |
| 51:46 | LE | Dabighead · tribute_sent a jugador 3 |
| 51:46 | LE | Dabighead · tribute_sent a jugador 4 |
| 51:46 | LE | Dabighead · tribute_sent a jugador 5 |
| 51:46 | LE | Dabighead · tribute_sent a jugador 6 |
| 51:46 | LE | Dabighead · tribute_sent a jugador 8 |
[ AI ANALYSIS · 1 CREDIT ]
What really happened in this match?
Wolo.gg analyzes every decision: build order, eco, micro, common mistakes by bracket. Personalized analysis on WhatsApp or Discord in 30 seconds.
Civ guide
Ethiopians
Perfil
Jugador #3244108